 Dungeon Crawl Stone Soup version 0.29-a0-841-g116ddc6ace (webtiles) character file.

Game seed: 16500973740899241809

87 par4site the Chiller (level 4, -6/32 HPs)
             Began as a Merfolk Ice Elementalist on July 15, 2022.
             Mangled by an orc
             ... wielding a +0 trident
              (8 damage)
             ... on level 3 of the Dungeon.
             The game lasted 00:11:36 (2727 turns).

par4site the Chiller (Merfolk Ice Elementalist)     Turns: 2727, Time: 00:11:36

Health: -6/32      AC:  6    Str:  8    XL:     4   Next: 51%
Magic:  7/7        EV:  6    Int: 14    God:
Gold:   34         SH:  7    Dex: 16    Spells: 6/7 levels left

rFire   . . .      SeeInvis .   j - +0 short sword (elec)
rCold   . . .      Faith    .   n - +0 kite shield
rNeg    . . .      Spirit   .   o - +0 scale mail
rPois   .          Reflect  .   (no helmet)
rElec   .          Harm     .   (no cloak)
rCorr   .          Rampage  .   (no gloves)
Will    .....                   (no boots)
Stlth   +.........              (no amulet)
HPRegen 0.10/turn               (no ring)
MPRegen 0.10/turn               (no ring)

@: no status effects
A: (nimble swimmer 2), mertail
a: no special abilities


You were on level 3 of the Dungeon.
You visited 1 branch of the dungeon, and saw 3 of its levels.

You collected 119 gold pieces.
You spent 85 gold pieces at shops.

Inventory:

Hand Weapons
 f - a +0 dagger
 g - a +0 short sword
 h - a +0 mace
 j - a +0 short sword of electrocution (weapon)
Armour
 a - a +0 robe
 e - a +0 leather armour
 n - a +0 kite shield (worn)
 o - a +0 scale mail (worn)
Scrolls
 i - a scroll of teleportation {unknown}
 k - a scroll of vulnerability {unknown}
 m - a scroll of blinking {unknown}
Potions
 b - a potion of magic
 c - 3 potions of curing {unknown}
 d - 2 potions of invisibility {unknown}
 l - a potion of berserk rage {unknown}


   Skills:
 * Level 1.3 Fighting
 * Level 2.0(2.1) Short Blades
 + Level 1.0(1.6) Long Blades
 * Level 0.5 Armour
 - Level 3.1 Dodging
 - Level 2.2 Stealth
 * Level 2.3 Spellcasting
 + Level 4.9 Ice Magic


You had 6 spell levels left.
You knew the following spells:

 Your Spells              Type           Power      Damage    Failure   Level
a - Freeze                Ice            60%        1d8       75%         1

Your spell library contained the following spells:

 Spells                   Type           Power      Damage    Failure   Level
 Frozen Ramparts          Ice            30%        1d5       98%         3
 Ozocubu's Armour         Ice            15%        N/A       98%         3
 Hailstorm                Conj/Ice       8%         3d4       100%        4


Dungeon Overview and Level Annotations

Branches:
Dungeon (3/15)

Altars:
Elyvilon

Shops:
D:2 [


Innate Abilities, Weirdness & Mutations

((You are very nimble when in or above water. (Stealth+, EV+, Speed+++)))
Your lower body shifts to a powerful aquatic tail in water.


Message History

The orc is moderately wounded.
You block the orc's attack. The orc barely misses you.
You hit the orc.
The orc is heavily wounded.
You hit the orc but do no damage.
The orc hits you from afar with a +0 trident.
You hit the orc. Lightning courses through the orc!!
You kill the orc!
The orc hits you from afar with a +0 trident.
You hit the orc but do no damage. You block the orc's attack.
The orc hits you with a +0 short sword.
You hit the orc. Lightning courses through the orc!
You kill the orc!
You block the orc's attack. x2; The orc hits you but does no damage.
You hit the orc.
The orc is almost dead.
The orc hits you but does no damage. You block the orc's attack.
You closely miss the orc.
The orc is almost dead.
The orc hits you but does no damage. The orc barely misses you.
You barely miss the orc.
The orc is almost dead.
The orc hits you with a +0 flail!
* * * LOW HITPOINT WARNING * * *
You block the orc's attack.
You hit the orc.
You kill the orc!
You block the orc's attack.
You barely miss the orc.
The orc hits you from afar with a +0 trident.
* * * LOW HITPOINT WARNING * * *
The orc hits you but does no damage. You block the orc's attack.
The orc hits you from afar with a +0 trident.
* * * LOW HITPOINT WARNING * * *
You hit the orc but do no damage. Lightning courses through the orc!
You kill the orc!
The orc barely misses you.
Your Short Blades skill increases to level 2!
The orc hits you with a +0 trident!
You die...

#. #. #.### ##...
###...# ..####...#.#
.......##..########
.......<..o@......#
.#...#...########....
#.......?. .
....#####!.. .....
##.). ..## #. .


You could see an orc.

Vanquished Creatures
  2 adders (D:2)
  A worm (D:2)
  A dart slug (D:2)
  7 orcs
  2 bats (D:2)
  3 endoplasms
  2 giant cockroaches
  6 goblins
  7 hobgoblins
  4 kobolds
  6 quokkas
  3 ball pythons (D:1)
  A frilled lizard (D:2)
  4 rats
49 creatures vanquished.

Notes
Turn   | Place    | Note
-------+----------+-------------------------------------------
     0 | D:1      | par4site the Merfolk Ice Elementalist began the quest for
                  | the Orb.
     0 | D:1      | Reached XP level 1. HP: 13/13 MP: 3/3
   340 | D:1      | Reached XP level 2. HP: 20/20 MP: 1/5
  1176 | D:2      | Reached XP level 3. HP: 18/25 MP: 4/6
  1316 | D:2      | Reached skill level 1 in Short Blades
  1464 | D:2      | Found a white marble altar of Elyvilon.
  1487 | D:2      | Reached skill level 1 in Fighting
  1561 | D:2      | Found a faded altar of an unknown god.
  1673 | D:2      | HP: 1/26 [orc/+0 hand axe (7)]
  1676 | D:2      | Reached XP level 4. HP: 2/32 MP: 1/7
  2016 | D:2      | Reached skill level 1 in Long Blades
  2542 | D:2      | Found Reapse Abbi's Armour Shop.
  2556 | D:2      | Bought a +0 kite shield for 45 gold pieces
  2563 | D:2      | Bought a +0 scale mail for 40 gold pieces
  2727 | D:3      | Mangled by an orc

Illustrated notes

Levels and vault maps discovered:
D:1:      dpeg_arrival_tiny_h, layout_rooms
D:2:      layout_loops_ring, serial_shops, nicolae_shop_waterfront,
          ebering_ecumenical_altar_mist, basic_altar, guppyfry_early_orc_mine
D:3:      layout_rooms, serial_shops, shop, nicolae_shop_stone,
          nicolae_shop_hallway_plus, nicolae_shop_crystal,
          nicolae_shop_hallway_plus

Skill      XL: |  1  2  3  4 |
---------------+-------------+-----
Dodging        | 3 |  3.1
Short Blades   | 1 2 |  2.0
Fighting       | 1 |  1.3
Long Blades    | 1 |  1.0
Armour         | |  0.5
Stealth        | |  2.2
Spellcasting   | |  2.3
Ice Magic      | |  4.9

Action                   |  1- 3 |  4- 6 || total
-------------------------+-------+-------++-------
Melee: Unarmed           |    12 |       ||    12
       Short sword       |    56 |    45 ||   101
       Punch             |     1 |       ||     1
 Cast: Freeze            |    34 |     4 ||    38
 Stab: Sleeping          |       |     1 ||     1
Armor: Robe              |     2 |       ||     2
       Leather armour    |    18 |     8 ||    26
       Scale mail        |       |     5 ||     5
Dodge: Dodged            |    58 |    32 ||    90
Block: Kite shield       |       |     9 ||     9

Table legend: (Time is in decaauts)
 A = Elapsed time spent in this place.
 B = Non-inter-level travel time spent in this place.
 C = Inter-level travel time spent in this place.
 D = Time resting spent in this place.
 E = Time spent auto-exploring this place.
 F = Levels seen in this place.
 G = Mean time per level.
                   A        B        C        D        E       F      G
               +--------+--------+--------+--------+--------+-----+--------+
         Total |   2729 |   2729 |      0 |   1297 |    843 |   3 |  909.7 |
       Dungeon |   2729 |   2729 |      0 |   1297 |    843 |   3 |  909.7 |
               +--------+--------+--------+--------+--------+-----+--------+

Top non-repeatable levels by time:
     D:2: 1593 daAuts
     D:1: 1105 daAuts
     D:3: 31 daAuts
